Unix NetHack Version 5.0.0-0 post-release - last build Jul 19 2026 19:10:59 (3aa4ab31751d3886436d94b585a96704892fd477,branch:main).

Game began 2026-07-25 18:20:16, ended 2026-07-25 20:40:49.

Eymerich, chaotic male elven Priest

               ################           --------
   -------   ###     ---------#           |......-#######
   |......####      #-.......|#           |......|      ######   ------------
   |.....|          #|.......|###         |......|            ###|..........|
   |.....|          #|.......|  ##########.......|              #|..........|
   |...<.|          #|..)....|            --.---.-              #|........>.|
   ----|--          #---|-----             ###                  #-..........|
       ###          #   ##                 ###                   |..........|
         #          #    ##                #                     ------------
         #         ##     #####            #
         #         #          #            #
         #        ##     -----|-----    ---.-
      ---|--------#      |..........####|...|
      |.....@@...|#      |.........|#  #|...|         |
      |..........e#      |.........|## #...(.       ..-
      |........d.|       ----------- ## |...|
      ------------                    ##-----
                                       ####

Eymerich the Acolyte         St:10 Dx:10 Co:16 In:9 Wi:20 Ch:10  Chaotic
Dlvl:4  $:17 HP:0(21) Pw:30(30) AC:3  Xp:3 T:2095 

Latest messages:
 What do you want to take off? [bzN or ?*]
 You finish taking off your helm.
 You swap places with Pinky.
 What do you want to throw? [$l or ?*]
 In what direction?
 The crude dagger hits the wererat.
 You swap places with Pinky.
 You swap places with Pinky.
 The wererat changes into a human.
 You hear some noises.
 An arrow shoots out at you!
 You are hit by an arrow.
 You swap places with Pinky.
 The wererat misses!
 In what direction?
 Whoops...
 An arrow shoots out at you!
 You are hit by an arrow.
 In what direction?
 Whoops...
 An arrow shoots out at you!
 An arrow misses you.
 In what direction?
 Whoops...
 An arrow shoots out at you!
 You are hit by an arrow!
 In what direction?
 Whoops...
 You hear a loud click!
 In what direction?
 You know of no traps there.
 O - an arrow.
 There is nothing here to pick up.
 There is nothing here to pick up.
 What do you want to use or apply? [ghiJ or ?*]
 Improvise? [ynq] (q)
 You start playing your tooled horn.
 You produce a frightful, grave sound.
 The wererat turns to flee.
 Pinky turns to flee.
 The floating eye turns to flee.
 The wererat hits!
 You hit the wererat.
 The wererat hits!
 You hit the wererat.
 The wererat hits!
 You hit the wererat.
 The wererat hits!
 You die...
 Do you want your possessions identified? [ynq] (y)

Inventory:
 Coins    ('$')
  $ - 17 gold pieces
 Weapons  (')')
  O - a +0 arrow
  a - a blessed +1 mace (weapon in right hand)
 Armor    ('[')
  v - a +0 orcish helm
  N - a +0 orcish helm
  z - a +4 pair of low boots (being worn)
  b - a +0 robe (being worn)
 Comestibles  ('%')
  e - 2 cloves of garlic
  K - a lembas wafer
  f - a sprig of wolfsbane
  w - 2 tripe rations
  q - 3 lichen corpses
 Scrolls  ('?')
  p - 2 scrolls of punishment
  r - a scroll of remove curse
  L - a scroll of teleportation
 Spellbooks  ('+')
  J - a spellbook of create monster
  g - a spellbook of detect monsters
  h - a spellbook of identify
 Potions  ('!')
  I - a potion of gain ability
  u - a cursed potion of hallucination
  G - a potion of object detection
  d - 4 potions of holy water
 Tools    ('(')
  i - a tooled horn
 Gems/Stones  ('*')
  x - a worthless piece of black glass named soft
  M - a worthless piece of white glass named soft
  y - 2 worthless pieces of yellow glass named soft

Eymerich the Priest's attributes:

Background:
 You were an Acolyte, a level 3 elven Priest.
 You were chaotic, on a mission for Loki
 who was opposed by Tyr (lawful) and Odin (neutral).
 You were right-handed.
 You were in the Dungeons of Doom, on level 4.
 You entered the dungeon 2095 turns ago.
 You had 75 experience points, 5 more were needed to attain level 4.

Basics:
 You had 0 out of 21 hit points.
 You had all 30 energy points (spell power).
 Your armor class was 3.
 Your wallet contained 17 zorkmids.
 Autopickup was off.

Final Characteristics:
 Your strength was 10 (limit:18).
 Your dexterity was 10 (limit:18).
 Your constitution was 16 (limit:16).
 Your intelligence was 9 (limit:20).
 Your wisdom was 20 (limit:20).
 Your charisma was 10 (limit:18).

Final Status:
 You weren't hungry.
 You were unencumbered.
 You were wielding a mace.
 You had basic skill with mace.

Final Attributes:
 You were devoutly aligned.
 You had infravision.
 You were guarded.
 Your spell casting was enhanced by wearing a robe.
 You are dead.

Miscellaneous:
 You didn't encounter any bones levels.
 Total elapsed playing time was 51 minutes and 10 seconds.

Major events:
 Turn
    1: Eymerich the chaotic elven Priest entered the dungeon
 1295: attained the rank of Acolyte (level 3)
 2095: killed by a wererat

Spells:
 Name                 Level Category     Fail Retention
 detect monsters        1   divination     0%  76%-100%
 identify               3   divination    50%  76%-100%

Skills:
 Fighting Skills
   bare handed combat [Unskilled]
 Weapon Skills
   club               [Unskilled]
   mace               [Basic]
   morning star       [Unskilled]
   flail              [Unskilled]
   hammer             [Unskilled]
   quarterstaff       [Unskilled]
   polearms           [Unskilled]
   spear              [Unskilled]
   trident            [Unskilled]
   lance              [Unskilled]
   bow                [Unskilled]
   sling              [Unskilled]
   crossbow           [Unskilled]
   dart               [Unskilled]
   shuriken           [Unskilled]
   boomerang          [Unskilled]
   unicorn horn       [Unskilled]
 Spellcasting Skills
   healing spells     [Unskilled]
   divination spells  [Unskilled]
   clerical spells    [Basic]

Voluntary challenges:
 Character rerolling was not enabled.
 You never genocided any monsters.
 You never polymorphed an object.
 You never changed form.
 You used no wishes.
Achievements:
 You entered a shop.
 You attained the rank of Acolyte.

 The Dungeons of Doom: levels 1 to 5
    Level 1:
    Level 2: "iron bars, 2 x locked box, locked chest"
       A fountain.
    Level 3:
       An armor shop, a fountain.
    Level 4: <- You were here.
       Final resting place for
          you, killed by a wererat.
    Level 5:


Vanquished creatures:
  a shrieker
  4 giant rats
  a brown mold
  a yellow mold
  4 garter snakes
  a gecko
  4 jackals
  2 kobolds
  4 goblins
  2 sewer rats
  3 grid bugs
  a bat
  3 lichens
  a kobold zombie
  5 newts
37 creatures vanquished.

No species were genocided or became extinct.

Game over:
                       ----------
                      /          \
                     /    REST    \
                    /      IN      \
                   /     PEACE      \
                  /                  \
                  |     Eymerich     |
                  |      17 Au       |
                  |   killed by a    |
                  |     wererat      |
                  |                  |
                  |                  |
                  |       2026       |
                 *|     *  *  *      | *
        _________)/\\_//(\/(/\)/\//\/|_)_______

Goodbye Eymerich the Priest...

You died in The Dungeons of Doom on dungeon level 4 with 516 points,
and 17 pieces of gold, after 2095 moves.
You were level 3 with a maximum of 21 hit points when you died.

